AoeStats
← BIG BUDDHA9396

MegaRandom

504018753Analyzed
2v2 RM · 29d ago on Sep 3, 2026· 68m 50s· 4 players
Game mode
Random Map
Map size
Medium (4 player)
Population
200
Speed
Normal
Resources
Standard
Victory
Conquest
Starting age
Dark Age
Ending age
Imperial Age
RankedLock teamsTeams togetherTeam positionsShared explorationLock speedFull tech treeHidden civsTurbo modeCheats
Victory
Defeat
🇹🇷 Huns · Türkiye
776
+11
🇮🇳 Magyars · India
622
+18
🇬🇧 Vietnamese · United Kingdom
670
-15
🇺🇸 Persians · United States
655
-14
BIG BUDDHA9396
1:12 Loom
12:20 Feudal Age
14:06 Wheelbarrow
14:00 Double-Bit Axe
14:08 Horse Collar
22:36 Castle Age
22:44 Gold Mining
22:49 Stone Mining
23:02 Fletching
23:13 Padded Archer Armor
23:31 Forging
24:38 Hand Cart
24:38 Bow Saw
25:23 Caravan
26:38 Town Watch
27:12 Heavy Plow
28:19 Bodkin Arrow
28:42 Leather Archer Armor
31:56 Stone Shaft Mining
31:12 Crossbowman
33:42 Iron Casting
33:10 Scale Mail Armor
33:17 Scale Barding Armor
32:39 Elite Skirmisher
35:28 Squires
35:14 Arson
34:50 Pikeman
36:16 Chain Barding Armor
36:12 Chain Mail Armor
36:59 Thumb Ring
41:34 Imperial Age
41:45 Ballistics
41:21 Murder Holes
41:37 Fortified Wall
41:09 Treadmill Crane
41:21 Guard Tower
42:55 Imperial Skirmisher
44:42 Town Patrol
45:23 Bloodlines
45:14 Husbandry
44:35 Light Cavalry
44:41 Halberdier
48:07 Paper Money
48:23 Hoardings
47:58 Chatras
47:31 Sappers
48:26 Bracer
50:05 Chemistry
49:48 Keep
49:01 Arrowslits
51:06 Arbalester
51:12 Elite Rattan Archer
54:50 Two-Man Saw
55:31 Coinage
56:57 Ring Archer Armor
56:57 Plate Mail Armor
57:06 Plate Barding Armor
56:40 Siege Engineers
56:56 Bombard Tower
57:39 Guilds
58:01 Sanctity
65:20 Banking
Babymunch x
12:38 Feudal Age
14:57 Loom
15:57 Horse Collar
16:20 Double-Bit Axe
22:58 Castle Age
21:38 Stone Mining
25:34 Kamandaran
26:29 Murder Holes
32:28 Heavy Plow
33:28 Fervor
34:09 Bow Saw
35:09 Crossbowman
35:42 Fletching
41:26 Imperial Age
40:41 Caravan
42:24 Wheelbarrow
42:03 Forging
41:58 Scale Barding Armor
44:48 Elite War Elephant
46:07 Iron Casting
45:52 Chain Barding Armor
46:37 Chemistry
45:06 Heavy Camel Rider
45:57 Bloodlines
47:30 Hand Cart
49:51 Theocracy
49:36 Block Printing
49:38 Citadels
49:50 Husbandry
50:44 Crop Rotation
50:03 Cavalier
52:51 Blast Furnace
52:41 Plate Barding Armor
52:24 Savar
65:58 Light Cavalry
Mert
0:29 Loom
16:04 Feudal Age
16:57 Arson
16:33 Man-at-Arms
17:02 Double-Bit Axe
17:00 Horse Collar
22:41 Castle Age
22:01 Gold Mining
23:12 Forging
23:02 Scale Mail Armor
22:56 Stone Mining
23:49 Squires
23:10 Long Swordsman
26:06 Heavy Plow
26:57 Bow Saw
30:02 Wheelbarrow
29:13 Town Watch
30:41 Chain Mail Armor
31:23 Town Patrol
33:06 Gold Shaft Mining
32:13 Pikeman
33:39 Hand Cart
36:27 Iron Casting
39:06 Marauders
41:40 Imperial Age
40:36 Padded Archer Armor
40:27 Fletching
40:42 Scale Barding Armor
40:39 Caravan
41:10 Coinage
42:42 Leather Archer Armor
42:22 Bodkin Arrow
41:59 Elite Tarkan
43:01 Atheism
43:23 Atheism
43:24 Conscription
42:41 Two-Handed Swordsman
44:00 Husbandry
44:10 Bloodlines
43:36 Sappers
45:32 Ballistics
45:08 Murder Holes
45:24 Masonry
45:49 Guilds
46:09 Banking
47:15 Blast Furnace
46:36 Chain Barding Armor
46:17 Bracer
46:07 Halberdier
52:22 Chemistry
52:58 Plate Barding Armor
68:08 Two-Man Saw
< parchai>
12:52 Feudal Age
13:18 Horse Collar
13:25 Double-Bit Axe
21:50 Castle Age
24:39 Heavy Plow
24:52 Bow Saw
28:13 Stone Mining
32:01 Gold Mining
33:09 Treadmill Crane
33:28 Murder Holes
33:53 Ballistics
33:32 Fletching
33:43 Scale Mail Armor
33:48 Scale Barding Armor
34:59 Corvinian Army
34:38 Pikeman
38:33 Imperial Age
36:41 Wheelbarrow
35:52 Town Watch
38:36 Masonry
38:43 Chain Mail Armor
38:48 Chain Barding Armor
39:22 Caravan
40:28 Two-Man Saw
39:57 Conscription
42:07 Bloodlines
41:57 Husbandry
43:17 Hand Cart
43:02 Town Patrol
43:50 Gold Shaft Mining
43:57 Siege Engineers
44:54 Chemistry
44:32 Plate Barding Armor
43:53 Bodkin Arrow
43:59 Padded Archer Armor
45:14 Elite Magyar Huszar
46:32 Hoardings
49:38 Recurve Bow
49:01 Halberdier
49:27 Arson
52:30 Thumb Ring
52:30 Bracer
52:46 Leather Archer Armor
52:49 Heated Shot
53:33 Parthian Tactics
52:31 Heavy Cavalry Archer
52:35 Elite Skirmisher
Connection lost

Rejoining the realm…

Still unreachable

The connection could not be restored.

Session expired

The server has moved on; the page needs a fresh start.